 Dungeon Crawl Stone Soup version 0.26-a0-631-ged93497179 (webtiles) character file.

Game seed: 1693930990015892577

183 Drevant2 the Destroyer (level 5, -2/28 HPs)
             Began as a Tengu Conjurer on Sept 12, 2020.
             Slain by an iguana (8 damage)
             ... on level 4 of the Dungeon.
             The game lasted 00:09:56 (3471 turns).

Drevant2 the Destroyer (Tengu Conjurer)             Turns: 3471, Time: 00:09:56

Health: -2/28      AC:  2    Str:  7    XL:     5   Next: 62%
Magic:  5/9        EV: 12    Int: 19    God:
Gold:   112        SH:  0    Dex: 13    Spells: 5/8 levels left

rFire    . . .     SeeInvis .   l - +0 rapier (drain)
rCold    . . .     Faith    .   (no shield)
rNeg     . . .     Spirit   .   a - +0 robe
rPois    .         Reflect  .   (helmet restricted)
rElec    .         Harm     .   (no cloak)
rCorr    .         Rampage  .   (no gloves)
MR       .....                  (boots unavailable)
Stlth    ++........             (no amulet)
HPRegen  0.09/turn              (no ring)
MPRegen  0.11/turn              (no ring)

@: no status effects
A: beak, talons 3, able to fly
a: Fly


You were on level 4 of the Dungeon.
You visited 1 branch of the dungeon, and saw 4 of its levels.

You collected 112 gold pieces.

Inventory:

Hand Weapons
 c - a +0 mace
 g - a +0 hand axe of electrocution
 h - a +2 antimagic short sword
 l - a +0 rapier of draining (weapon)
 m - a cursed -1 hand axe
Armour
 a - a +0 robe (worn)
Jewellery
 j - an uncursed ring of protection from fire {unknown}
Scrolls
 d - 3 scrolls of identify {unknown}
 e - a scroll of amnesia {unknown}
 f - 5 scrolls of remove curse {unknown}
 k - a scroll of random uselessness {unknown}
Potions
 b - a potion of magic
 i - a potion of brilliance


   Skills:
 - Level 2.1 Dodging
 - Level 2.0 Stealth
 - Level 2.0 Spellcasting
 * Level 8.8 Conjurations


You had 5 spell levels left.
You knew the following spells:

 Your Spells              Type           Power        Failure   Level
a - Magic Dart            Conj           ####         1%          1
b - Searing Ray           Conj           #####.       1%          2

Your spell library contained the following spells:

 Spells                   Type           Power        Failure   Level
 Dazzling Flash           Conj/Hex       ###...       9%          3
 Fulminant Prism          Conj/Hex       ###.......   26%         4
 Iskenderun's Mystic Bla  Conj/Tloc      ###.....     26%         4


Dungeon Overview and Level Annotations

Branches:
Dungeon (4/15)
 Temple: D:4-7

Altars:
Cheibriados
Gozag

Annotations:
D:2 Sigmund


Innate Abilities, Weirdness & Mutations

You have a beak for a mouth.
You have claws for feet.
You can fly continuously.


Message History

Your kick misses the iguana.
The iguana is almost dead.
The iguana closely misses you.
Unknown command.
You completely miss the iguana.
The iguana is almost dead.
The iguana bites you!
* * * LOW HITPOINT WARNING * * *
The iguana closely misses you.
You closely miss the iguana.
The iguana is almost dead.
The iguana closely misses you.
You barely miss the iguana. You peck the iguana, but do no damage.
The iguana is almost dead.
The iguana bites you.
* * * LOW HITPOINT WARNING * * *
You barely miss the iguana.
The iguana is almost dead.
The iguana bites you!
You die...

### ##.##
##<..##
###.....##
#########
#.....<..#
........#
#.#.....##
#...#.#
#.#....##
#...###.#.#.##
##.@...##.###
#..l####..#
#.........#
.#.
.......$..# .
##.##.....# #
#.....#
#.....#
......#
##....?#


You could see an iguana (drained).

Vanquished Creatures
  A hound (D:3)
  Terence (D:2)
  5 adders
  2 oozes (D:2)
  A worm (D:3)
  3 dart slugs
  A leopard gecko (D:2)
  5 orcs (D:3)
  5 bats
  A giant cockroach (D:1)
  6 goblins
  4 hobgoblins
  6 jackals
  2 quokkas (D:2)
  2 ball pythons
  A ball python skeleton (D:4)
  3 frilled lizards
  6 kobolds
  7 rats
62 creatures vanquished.

Notes
Turn   | Place    | Note
-------+----------+-------------------------------------------
     0 | D:1      | Drevant2 the Tengu Conjurer began the quest for the Orb.
     0 | D:1      | Reached XP level 1. HP: 10/10 MP: 4/4
   174 | D:1      | Reached XP level 2. HP: 15/15 MP: 1/6
   309 | D:1      | Reached skill level 6 in Conjurations
   916 | D:2      | Found an opulent altar of Gozag.
   921 | D:2      | Reached XP level 3. HP: 19/19 MP: 7/7
  1172 | D:2      | Noticed Sigmund
  1202 | D:2      | Noticed Terence
  1206 | D:2      | Learned a level 2 spell: Searing Ray
  1219 | D:2      | Killed Terence
  1219 | D:2      | Reached skill level 7 in Conjurations
  1219 | D:2      | Reached XP level 4. HP: 11/24 MP: 4/8
  1772 | D:2      | Found a snail-covered altar of Cheibriados.
  2580 | D:3      | Reached skill level 8 in Conjurations
  2607 | D:3      | Gained mutation: You can fly continuously. [Tengu growth]
  2607 | D:3      | Reached XP level 5. HP: 28/28 MP: 6/9
  3471 | D:4      | Slain by an iguana

Illustrated notes

Levels and vault maps discovered:
D:1:      sevenhm_arrival_forest_fort_small_5, layout_rooms
D:2:      layout_basic, nicolae_overflow_crystal_walls, old_standard_altar,
          minmay_strange_pillars, uniq_terence, uniq_sigmund
D:3:      layout_loops_ring
D:4:      layout_loops_cross, tgw_trog, marbit_many_paths, serial_shops, shop

Skill      XL: |  1  2  3  4 |
---------------+-------------+-----
Conjurations   | 6 7 8 |  8.8
Dodging        | |  2.1
Stealth        | |  2.0
Spellcasting   | |  2.0

Action                   |  1- 3 |  4- 6 || total
-------------------------+-------+-------++-------
Melee: Mace              |    18 |    39 ||    57
       Kick              |     4 |     7 ||    11
       Peck              |     1 |     5 ||     6
       Rapier            |       |     9 ||     9
 Cast: Magic Dart        |    53 |    43 ||    96
       Searing Ray       |     1 |     4 ||     5
  Use: Potion            |     2 |       ||     2
 Stab: Sleeping          |       |     1 ||     1
Armor: Robe              |     2 |    15 ||    17
Dodge: Dodged            |    21 |    43 ||    64

Table legend: (Time is in decaauts)
 A = Elapsed time spent in this place.
 B = Non-inter-level travel time spent in this place.
 C = Inter-level travel time spent in this place.
 D = Time resting spent in this place.
 E = Time spent auto-exploring this place.
 F = Levels seen in this place.
 G = Mean time per level.
                   A        B        C        D        E       F      G
               +--------+--------+--------+--------+--------+-----+--------+
         Total |   3496 |   3238 |    258 |    860 |   1977 |   4 |  874.0 |
       Dungeon |   3496 |   3238 |    258 |    860 |   1977 |   4 |  874.0 |
               +--------+--------+--------+--------+--------+-----+--------+

Top non-repeatable levels by time:
     D:2: 1207 daAuts
     D:3: 1143 daAuts
     D:1: 1070 daAuts
     D:4: 75 daAuts
